 Dungeon Sprint DCSS version 0.26-a0-663-g36e8fdb655 (webtiles) character file.

Game seed: 6169748486221670984

284 mhtbhm the Cleaver (level 6, 0/67 HPs)
             Began as a Hill Orc Fighter on Oct 11, 2020.
             Slain by a human (8 damage)
             ... in the Dungeon (Sprint III: "The Ten Rune Challenge").
             The game lasted 00:01:20 (887 turns).

mhtbhm the Cleaver (Hill Orc Fighter)                Turns: 887, Time: 00:01:20

Health: 0/67       AC:  8    Str: 21    XL:     6   Next: 29%
Magic:  6/6        EV:  9    Int:  8    God:
Gold:   25         SH: 10    Dex: 10    Spells: 5/5 levels left

rFire    . . .     SeeInvis .   a - +0 war axe
rCold    . . .     Faith    .   c - +0 kite shield
rNeg     . . .     Spirit   .   b - +0 scale mail
rPois    .         Reflect  .   (no helmet)
rElec    .         Harm     .   (no cloak)
rCorr    .         Rampage  .   (no gloves)
MR       +....     NoTele   +   (no boots)
Stlth    ..........             (no amulet)
HPRegen  0.21/turn              (no ring)
MPRegen  0.10/turn              (no ring)

@: mighty
A: magic resistance 1, robust 1
a: no special abilities


You were in the Dungeon.
You visited 1 branch You collected 25 gold pieces.

Inventory:

Hand Weapons
 a - a +0 war axe (weapon)
Armour
 b - a +0 scale mail (worn)
 c - a +0 kite shield (worn)
Scrolls
 j - a scroll of blinking
 k - 4 scrolls of remove curse
 l - a scroll of enchant armour {unknown}
 n - a scroll of holy word {unknown}
 o - a scroll of fear {unknown}
 p - a scroll of torment {unknown}
 q - 2 scrolls of identify
Potions
 e - 3 potions of curing
 f - a potion of heal wounds
 g - a potion of haste
 h - 2 potions of magic
 m - a potion of mutation
 r - a potion of flight {unknown}


   Skills:
 + Level 7.7 Fighting
 + Level 8.9 Axes
 + Level 7.9 Armour
 + Level 1.9 Dodging
 + Level 7.3 Shields


You had 5 spell levels left.
You didn't know any spells.
Your spell library was empty.

Dungeon Overview and Level Annotations

Branches:
Dungeon (1/1)

Altars:
Okawaru
Trog
Uskayaw
Wu Jian
Beogh


Innate Abilities, Weirdness & Mutations

You are resistant to hostile enchantments. (MR+)
You are robust. (+10% HP)


Message History

You slice the human!!
The human is almost dead.
You closely miss the human. The human hits you but does no damage.
You block the human's attack.
You slash the human!
You kill the human!
Your Axes skill gained 2 levels and is now at level 8!
Your Armour skill increases to level 7!
Your Shields skill increases to level 7!
You have reached level 6!
Your experience leads to an increase in your attributes!
Increase (S)trength, (I)ntelligence, or (D)exterity?
You feel stronger.
You hit the human. The human hits you.
* * * LOW HITPOINT WARNING * * *
Unknown command.
Your shield prevents you from hitting the human.
The human is almost dead.
The human hits you!
You die...

▓▓ ▓▓▓ .#### ##.# #####
....#####..# #___#
.....#..#..# #_p.#
##...#..#..###+#@###+##
###..##'#..#..........#
.##).###...'.⌠........#
##..####...#...######+#
##..###....#.⌠.#
#..†##.....#...#
....#......#+###
..##.#.....#
..#####....#


You could see a human (strong).

Vanquished Creatures
  A water elemental (D)
  A scorpion (D)
  Jessica (D)
  2 humans (D)
  2 rats (D)
7 creatures vanquished.

Vanquished Creatures (others)
  A hydra (D)
  5 plants (D)
6 creatures vanquished.

Grand Total: 13 creatures vanquished

Notes
Turn   | Place    | Note
-------+----------+-------------------------------------------
     0 | D        | mhtbhm the Hill Orc Fighter began the quest for the Orb.
     0 | D        | Reached XP level 1. HP: 19/19 MP: 1/1
    27 | D        | Noticed Jessica
    44 | D        | Killed Jessica
    44 | D        | Reached skill level 5 in Fighting
    44 | D        | Reached skill level 3 in Axes
    44 | D        | Reached XP level 2. HP: 23/29 MP: 2/2
    44 | D        | Reached XP level 3. HP: 28/36 MP: 3/3
   139 | D        | Reached skill level 4 in Axes
   139 | D        | Reached skill level 5 in Armour
   139 | D        | Reached skill level 5 in Shields
   215 | D        | Killed a seven-headed hydra
   294 | D        | Noticed a scorpion
   303 | D        | Killed a scorpion
   303 | D        | Reached skill level 5 in Axes
   303 | D        | Reached XP level 4. HP: 21/45 MP: 4/4
   437 | D        | Gained mutation: Your body sometimes deteriorates upon
                  | taking damage. [potion of mutation]
   437 | D        | Gained mutation: Your spells are a little harder to cast,
                  | but a little more powerful. [potion of mutation]
   438 | D        | Lost mutation: Your body sometimes deteriorates upon taking
                  | damage. [potion of mutation]
   438 | D        | Lost mutation: Your spells are a little harder to cast, but
                  | a little more powerful. [potion of mutation]
   438 | D        | Gained mutation: You are robust. (+10% HP) [potion of
                  | mutation]
   438 | D        | Gained mutation: You are resistant to hostile enchantments.
                  | (MR+) [potion of mutation]
   542 | D        | Noticed a water elemental
   556 | D        | Killed a water elemental
   556 | D        | Reached skill level 6 in Axes
   556 | D        | Reached skill level 1 in Dodging
   556 | D        | Reached XP level 5. HP: 23/57 MP: 5/5
   876 | D        | Found a hide-covered altar of Uskayaw.
   876 | D        | Found a roughly hewn altar of Beogh.
   876 | D        | Found an iron altar of Okawaru.
   876 | D        | Found a bloodstained altar of Trog.
   876 | D        | Found an ornate altar of the Wu Jian Council.
   876 | D        | Noticed a human
   876 | D        | Noticed a human
   886 | D        | Killed a human
   886 | D        | Reached skill level 8 in Axes
   886 | D        | Reached XP level 6. HP: 9/67 MP: 6/6
   887 | D        | Slain by a human

Illustrated notes

Levels and vault maps discovered:
D:        dungeon_sprint_mu [sprint_mu_entry_cave, sprint_mu_temple_rooms,
          sprint_mu_d1_spiders, sprint_mu_d2_genie, sprint_mu_d3_branching,
          sprint_mu_orc_legion, sprint_mu_elf_gauntlet, sprint_mu_hive_nellie,
          sprint_mu_lair_fedhas, sprint_mu_vaults_butterflies,
          sprint_mu_slime_circle, sprint_mu_swamp_cave, sprint_mu_snake_twists,
          sprint_mu_blade_basic, sprint_mu_crypt_chambers,
          sprint_mu_tomb_spiral, sprint_mu_vestibule_basic,
          sprint_mu_gehenna_hellfire, sprint_mu_dis_giant,
          sprint_mu_tartarus_statrot, sprint_mu_cocytus_islands, sprint_mu_zot1]

Skill      XL: |  1  2  3  4  5 |
---------------+----------------+-----
Fighting       | 5 6 7 |  7.7
Axes           | 3 5 6 8 |  8.9
Armour         | 4 5 6 7 |  7.9
Shields        | 4 5 6 7 |  7.3
Dodging        | 1 |  1.9

Action                   |  1- 3 |  4- 6 || total
-------------------------+-------+-------++-------
Melee: War axe           |    40 |    21 ||    61
  Use: Potion            |       |     4 ||     4
Armor: Scale mail        |    11 |     2 ||    13
Dodge: Dodged            |    11 |     6 ||    17
Block: Kite shield       |    16 |    11 ||    27

Table legend: (Time is in decaauts)
 A = Elapsed time spent in this place.
 B = Non-inter-level travel time spent in this place.
 C = Inter-level travel time spent in this place.
 D = Time resting spent in this place.
 E = Time spent auto-exploring this place.
 F = Levels seen in this place.
 G = Mean time per level.
                   A        B        C        D        E       F      G
               +--------+--------+--------+--------+--------+-----+--------+
         Total |    914 |    914 |      0 |    729 |     28 |   1 |  914.0 |
       Dungeon |    914 |    914 |      0 |    729 |     28 |   1 |  914.0 |
               +--------+--------+--------+--------+--------+-----+--------+

Top non-repeatable levels by time:
       D: 914 daAuts
